Map: Cerulean Fall LE

Players

LiquidMaNa (MaNa)

  • Race: Protoss Protoss
  • League: Grandmaster
  • Spawn Location: 7:00

Lambo - Winner!

  • Race: Zerg Zerg
  • League: Grandmaster
  • Spawn Location: 1:00

VOD

Have the link to the VOD?

Description

Time

  • Played on: Dec. 28, 2018, 12:50 p.m.
  • Length: 11:14
Show
View Real Time Build Order
Export as new Build Order

LiquidMaNa Protoss 

Build Orders: 1 Gate Expand, Oracle Opening, Archon Immortal, Archon Drop 

Get SALT Encoding   

  12  0:00  Probe  
  13  0:12  Probe  
  14  0:18  Pylon  
  14  0:24  Probe  
  15  0:32  Probe  
  15  0:41  Probe, Gateway  
  16  0:49  Assimilator  
  17  0:51  Probe  
  18  0:59  Probe  
  19  1:07  Probe  
  19  1:17  Probe  
  21  1:28  Cybernetics Core  
  21  1:38  Nexus  
  21  1:44  Pylon  
  21  1:50  Assimilator  
  21  1:54  Probe  
  22  1:55  Adept  
  22  2:06  Probe  
  25  2:18  Probe  
  25  2:20  Stargate  
  26  2:24  Adept  
  28  2:30  Probe  
  29  2:42  Probe, Warp Gate  
  30  2:51  Stalker  
  33  2:58  Probe  
  33  3:02  Probe  
  33  3:03  Oracle  
  34  3:10  Probe  
  38  3:14  Probe  
  39  3:22  Probe  
  39  3:26  Probe  
  41  3:32  Pylon  
  41  3:34  Probe  
  41  3:38  Probe  
  43  3:42  Oracle, Gateway  
  43  3:45  Probe  
  43  3:48  Probe, Assimilator  
  46  3:51  Assimilator  
  46  3:53  Probe  
  47  3:56  Probe  
  47  4:01  Probe  
  49  4:05  Robotics Facility, Probe  
  51  4:13  Probe  
  52  4:17  Probe  
  52  4:19  Pylon  
  53  4:27  Probe  
  54  4:34  Probe  
  53  4:38  Nexus  
  53  4:39  Probe  
  53  4:45  Warp Prism, Gateway  
  53  4:46  Probe  
  53  4:47  Gateway  
  53  4:52  Twilight Council  
  54  4:57  Probe  
  57  5:04  Adept x2  
  61  5:11  Probe  
  62  5:17  Pylon  
  62  5:19  Pylon  
  62  5:24  Pylon  
  62  5:29  Templar Archives  
  62  5:31  Forge  
  62  5:35  Observer, Probe x2  
  65  5:37  Charge  
  65  5:44  Probe  
  65  5:45  Probe  
  65  5:47  Probe  
  67  5:53  Probe x2  
  67  5:55  Probe  
  70  6:01  Probe  
  71  6:05  High Templar x4  
  71  6:06  Gateway  
  71  6:07  Gateway  
  71  6:09  Archon  
  71  6:10  Archon  
  80  6:13  Probe x2  
  80  6:15  Pylon  
  80  6:16  Assimilator  
  82  6:27  Probe  
  82  6:28  Probe  
  82  6:31  Probe  
  85  6:35  Robotics Facility, Immortal  
  85  6:39  Probe  
  90  6:41  Zealot x4  
  90  6:45  Protoss Ground Weapons Level 1, Probe x2  
  100  6:52  Probe  
  100  6:53  Assimilator  
  101  6:56  Gateway x2  
  101  6:57  Probe  
  101  7:00  Pylon  
  102  7:01  Sentry x2  
  102  7:05  Pylon  
  102  7:06  Pylon  
  105  7:08  Pylon  
  105  7:14  Immortal  
  105  7:15  Immortal  
  105  7:18  Probe x3  
  116  7:30  Gateway  
  116  7:32  Gateway  
  116  7:47  High Templar x2, Zealot  
  116  7:48  Zealot x2  
  126  7:53  Immortal  
  126  7:55  Immortal  
  134  8:14  Psionic Storm  
  134  8:22  Pylon  
  134  8:23  Pylon  
  134  8:24  Pylon  
  134  8:25  Pylon  
  134  8:28  High Templar x3  
  134  8:32  Photon Cannon  
  138  8:34  Shield Battery  
  138  8:40  Zealot x3  
  129  8:57  Pylon  
  129  8:58  Pylon  
  129  9:01  Pylon  
  129  9:04  Pylon  
  129  9:12  Nexus  
  119  9:17  Warp Prism  
  119  9:19  Immortal  
  119  9:20  Pylon  
  119  9:22  Void Ray  
  119  9:23  Fleet Beacon, Stalker  
  127  9:28  High Templar x2, Zealot  
  133  9:36  Probe x2  
  133  9:37  Archon  
  135  9:39  Pylon  
  135  9:48  Probe, Photon Cannon  
  135  9:52  Photon Cannon  
  136  9:53  Pylon  
  136  10:05  Stalker x7  
  150  10:10  Phoenix  
  150  10:11  Assimilator  
  137  10:33  Phoenix, Zealot x6  
  137  10:34  Zealot  
  132  10:49  Stalker  
  121  10:54  Archon  
  114  10:59  Zealot x6  
Show
View Real Time Build Order
Export as new Build Order

Lambo Zerg - Winner!

Build Orders: Hatch First 

Get SALT Encoding   

  12  0:01  Drone  
  13  0:13  Overlord  
  14  0:21  Drone  
  14  0:33  Drone x2  
  16  0:48  Hatchery  
  15  0:52  Drone  
  15  0:55  Drone  
  17  0:58  Drone  
  18  1:09  Extractor  
  17  1:14  Spawning Pool  
  17  1:18  Drone  
  17  1:23  Drone  
  18  1:32  Drone  
  19  1:42  Overlord  
  19  1:50  Drone  
  20  2:00  Queen  
  22  2:01  Queen  
  22  2:02  Zergling x2  
  22  2:03  Zergling x2  
  26  2:12  Drone x2  
  26  2:15  Metabolic Boost  
  28  2:22  Drone  
  29  2:23  Drone  
  30  2:38  Hatchery  
  30  2:41  Drone  
  30  2:43  Drone  
  31  2:49  Overlord  
  31  2:50  Drone  
  32  2:57  Drone x2  
  33  3:01  Queen  
  33  3:04  Drone  
  36  3:12  Zergling x8  
  40  3:16  Overlord  
  40  3:20  Spore Crawler  
  40  3:25  Overlord, Drone  
  40  3:26  Drone  
  41  3:31  Drone x2  
  43  3:38  Spore Crawler  
  42  3:41  Drone  
  42  3:43  Queen  
  42  3:44  Overlord  
  45  3:50  Drone  
  45  3:51  Drone x2  
  45  3:52  Drone  
  45  3:55  Spore Crawler  
  48  4:00  Drone  
  48  4:02  Drone x2  
  51  4:06  Queen  
  54  4:10  Drone x2  
  54  4:12  Drone  
  54  4:13  Drone  
  54  4:15  Overlord  
  57  4:21  Overlord, Drone  
  57  4:22  Drone  
  59  4:24  Drone  
  59  4:27  Overlord  
  58  4:33  Roach Warren, Drone  
  58  4:36  Zergling x6  
  59  4:50  Drone x4  
  59  4:51  Lair  
  60  4:55  Extractor, Drone x5  
  60  4:56  Extractor  
  63  5:04  Drone  
  63  5:05  Drone x2  
  66  5:07  Overlord  
  66  5:09  Drone x2  
  66  5:14  Evolution Chamber, Drone  
  69  5:18  Drone x2  
  70  5:23  Drone  
  70  5:24  Drone x2  
  70  5:28  Overlord  
  73  5:30  Drone x3  
  76  5:39  Roach  
  76  5:40  Roach x4  
  82  5:44  Zerg Missile Weapons Level 1  
  82  5:45  Extractor  
  82  5:46  Extractor  
  80  5:50  Roach  
  80  5:51  Roach x2  
  80  5:56  Overlord  
  86  6:00  Drone x4  
  86  6:01  Drone x2  
  91  6:05  Drone x3  
  91  6:08  Drone x3  
  91  6:11  Hatchery  
  96  6:16  Roach  
  98  6:22  Roach x5  
  104  6:30  Extractor  
  104  6:31  Roach  
  104  6:32  Roach x2, Hydralisk Den  
  103  6:35  Overseer  
  103  6:36  Pneumatized Carapace  
  103  6:41  Drone x5  
  108  6:49  Overlord  
  108  6:59  Overlord  
  108  7:01  Overlord  
  108  7:03  Overlord  
  108  7:05  Muscular Augments  
  108  7:06  Hydralisk x7  
  121  7:16  Queen  
  121  7:17  Extractor  
  121  7:21  Extractor, Hydralisk x4  
  129  7:27  Drone  
  129  7:29  Drone x3  
  134  7:30  Drone x3  
  136  7:39  Roach x4  
  144  7:55  Hydralisk x2  
  144  7:56  Roach x2, Spire  
  151  8:04  Overlord  
  150  8:09  Zerg Missile Weapons Level 2  
  150  8:10  Overlord, Glial Reconstitution  
  150  8:15  Zergling x4  
  150  8:16  Overlord  
  151  8:21  Overlord  
  151  8:25  Overlord  
  151  8:26  Drone x6  
  151  8:27  Drone  
  158  8:28  Hatchery  
  158  8:31  Lurker Den  
  156  8:37  Hydralisk x2  
  156  8:38  Roach x2  
  153  9:16  Mutalisk x2  
  153  9:17  Mutalisk x10  
  167  9:42  Hydralisk x5, Zergling x26  
  190  9:46  Extractor  
  190  9:50  Extractor, Drone  
  190  9:51  Overlord, Drone  
  190  9:53  Hydralisk x3  
  190  9:59  Overlord  
  196  10:12  Overlord  
  196  10:17  Overlord  
  196  10:18  Hydralisk x2  
  196  10:20  Lurker  
  199  10:27  Overlord  
  193  10:33  Hydralisk  
  193  10:34  Hydralisk x6  
  191  10:42  Hydralisk  
  191  10:43  Hydralisk x3  
  191  10:47  Hydralisk x3  
Tags
 
Add a new tag
Caveats
  • Supply blocks, unpowered buildings, or Contaminate may cause inaccurate times.
  • Supply counts are checked every 10 seconds.